[Event "*** Titled Tuesday Blitz"]
[Site "Chess.com"]
[Date "2019.12.03"]
[Round "9"]
[White "JonahWillow"]
[Black "albi1999"]
[Result "1-0"]
[WhiteElo "2781"]
[BlackElo "2610"]
[TimeControl "180+2"]
[EndTime "15:09:01 PST"]
[Termination "JonahWillow won by resignation"]

1. e4 e5 2. Nf3 Nc6 3. Nc3 Nf6 4. Bb5 Bd6 5. d3 a6 6. Ba4 O-O 7. g4 Bc5 8. Rg1 d6 9. h3 b5 10. Bb3 Be6 11. Bg5 h6 12. Be3 Bxe3 13. fxe3 b4 14.
Nd5 Bxd5 15. exd5 Ne7 16. g5 hxg5 17. Nxg5 a5 18. Qf3 a4 19. Bc4 c6 20. Ne4 Nxe4 21.
dxe4 cxd5 22. exd5 Qc7 23. Bd3 f5 24. e4 Nxd5 25.
exf5 Nf6 26. O-O-O a3 27. b3 d5 28. Bf1 Qc5 29.
Rg2 e4 30. Qg3 Ra7 31. Qe5 Re7 32. Qd4 Qxd4 33. Rxd4 e3 34. Bd3 Ne4 35. Bxe4 Rxe4 36. Rxe4 dxe4 37. Re2 Rxf5 38. Rxe3 Rf4 39. Kd2 Kf7 40. Rg3 Kf6 41. Ke3 g5 42. Rg1 Kf5 43. Rh1 Rf3+ 44. Ke2 Kf4 45. Rh2 Rc3 46. Kd2 Kf3 47.
Ke1 e3 48. Kd1 Rc5 49. Ke1 Rd5 50. Re2 Rd4 51. Rh2 Rh4 52. Rh1 Ke4 53. Rg1 Rxh3 54.
Rxg5 Rh1+ 55. Ke2 Rh2+ 56. Kd1 Rd2+ 57. Kc1 Rh2 58. Kd1 Kd4 59. Rg3 Rd2+ 60. Kc1 Rf2 61. Rg4+ Ke5 62. Kd1 Rf1+ 63. Ke2 Rc1 64. Rc4 Ra1 65.
Kxe3 Rxa2 66. Kd2 Kd5 67. Rxb4 Kc5 68. Ra4 Kb5 69. Ra8 Kb4 70. Ra4+ Kb5 71. Kc3 Ra1 72. Ra8 Kc5 73. Ra5+ Kb6 74. Kb4 a2 75. Ra3 Kc6 76. Kc3 Kb5 77. Kb2 Kb4 78. Rxa2 Rh1 79. Ra4+ Kb5 80. Rg4 Rh5 81. Ka3 1-0

[Event "*** Titled Tuesday Blitz"]
[Site "Chess.com"]
[Date "2019.12.03"]
[Round "9"]
[White "andrzej"]
[Black "visa"]
[Result "1-0"]
[WhiteElo "2383"]
[BlackElo "2259"]
[TimeControl "180+2"]
[EndTime "15:09:21 PST"]
[Termination "andrzej won by resignation"]

1. d4 d5 2. c4 e6 3. Nf3 Nf6 4. g3 Be7 5. Bg2 O-O 6. Nc3 dxc4 7. Ne5 Nc6 8. Bxc6 bxc6 9. Nxc6 Qe8 10. Nxe7+ Qxe7 11. Qa4 Bb7 12. O-O c5 13. Qxc4 cxd4 14. Qxd4 Rfd8 15. Qh4 Qc5 16. Be3 Qc6 17. f3 Nd5 18. Nxd5 Rxd5 19. Rac1 Qb5 20. Qc4 h6 21. Qxb5 Rxb5 22.
Bd4 Bd5 23. a3 Rab8 24. Rfd1 R8b7 25. Kf2 f6 26. Bc3 e5 27. e4 Bb3 28. Rd3 Kf7 29. Bb4 a5 30. Bc3 a4 31. Re1 Ke6 32.
Ke3 Rd7 33. Rxd7 Kxd7 34. Rc1 Rb7 35. Bb4 Rc7 36. Rxc7+ Kxc7 37. Bf8 g6 38. Bg7 Kd6 39. Bxf6 Ke6 40. Bg7 h5 41. Bf8 Bc4 42. Bb4 Bb3 43.
Bc3 Bd1 44. f4 exf4+ 45. gxf4 Bb3 46. Kf2 Bd1 47. Kg3 Bc2 48. Kf3 Bb1 49. Ke3 Bc2 50. Kd4 Bb3 51. Be1 Bd1 52. Bh4 Bb3 53. Kc3 Bd1 54. Bf2 Bb3 55. Bd4 Bd1 56. Kd2 Bb3 57.
Ke3 Bc2 58. Bc3 Bb3 59. h4 Bc2 60. Kd4 Bb3 61. Be1 Bc2 62. Bd2 Bb3 63. Bc3 Bc2 64. b4 axb3 65. Bb2 Kd6 66. a4 Kc6 67. Ke5 Bd3 68. f5 gxf5 69. exf5 Kd7 70. f6 Bc4 71. Kd4 Bf7 72. Kc5 Kc7 73. a5 Kb7 74. Kd6 Ka6 75. Ke7 Bc4 76. Bc3 b2 77. Bxb2 Kxa5 78. f7 Bxf7 79. Kxf7 Kb6 80. Kg6 Kc6 81. Kxh5 Kd7 82. Kg6 Ke6 83. h5 1-0

[Event "*** Titled Tuesday Blitz"]
[Site "Chess.com"]
[Date "2019.12.03"]
[Round "9"]
[White "ShahMatKanal"]
[Black "Azatic"]
[Result "1-0"]
[WhiteElo "2501"]
[BlackElo "2604"]
[TimeControl "180+2"]
[EndTime "15:10:21 PST"]
[Termination "ShahMatKanal won by resignation"]

1. d4 Nf6 2. Bf4 g6 3. e3 Bg7 4. Nf3 O-O 5. h3 d6 6. Be2 b6 7. O-O Bb7 8. c4 Nbd7 9. Nc3 Re8 10. Bh2 e5 11. dxe5 dxe5 12. Qc2 Qe7 13. Rfd1 a6 14. Nd5 Nxd5 15. cxd5 Rac8 16. e4 Bf8 17. Bg3 f6 18. a3 a5 19. Qb3 Nc5 20. Qc2 Qd6 21. Nd2 a4 22. b4 axb3 23. Nxb3 Nxb3 24. Qxb3 Kh8 25.
a4 Qb4 26. Qf3 Kg7 27. h4 Ra8 28. Bb5 Red8 29. h5 Be7 30. Rac1 Qd6 31. Qc3 Rdc8 32. Qe3 g5 33. Ra1 Qd8 34. Be2 Bd6 35. Bg4 Rcb8 36.
Be2 Bc8 37. Ra2 Bd7 38. Rda1 Qe8 39. Qb3 Ra5 40. f3 Rba8 41. Be1 Rxa4 42. Rxa4 Rxa4 43. Rxa4 Bxa4 44. Qc4 Bc5+ 45. Bf2 Bd6 46. g4 Bd7 47. Qa6 Qc8 48. Qa7 h6 49. Ba6 Qd8 50. Kg2 Kf7 51. Bc4 Ke7 52. Be3 Be8 53. Bxb6 Qd7 54. Be3 Kf8 55.
Qa8 Ke7 56. Kf2 Qa4 57. Qxa4 Bxa4 58. Ke2 Kd7 59. Ba6 c6 60. dxc6+ Kxc6 61. Bd3 Bc5 62. Bc1 Bb3 63. Bb2 Kb6 64. Bc3 Bd4 65. Bb4 Bc5 66. Bd2 Bd4 67. Bc1 Bc5 68. Bb2 Bd4 69. Ba3 Bc5 70. Bb2 Bd4 71. Bc1 Be6 72. Bd2 Bc5 73. Bc3 Bd4 74. Bb4 Bc5 75. Bd2 Bd4 76. Be1 Kc5 77.
Ba5 Kd6 78. Bd8 Bg8 79. Bxf6 Ke6 80. Bg7 Bc5 81. Bxh6 Kf6 82. Bb5 Bf7 83. Bd3 Bb4 84. Bb5 Be6 85. Kf2 Bc5+ 86. Kg3 Be3 87. Bf8 Bf4+ 88. Kg2 Bd2 89. Bc5 Bf7 90. Bd3 Bf4 91.
Be2 Bd2 92. Kf1 Bc1 93. Ke1 Bb2 94. Kd2 Ba1 95. Kc2 Be6 96. Bd3 Bf7 97. Bb4 Be6 98. Bc3 Bxc3 99. Kxc3 Bd7 100. Bc4 Be6 101. Bxe6 1-0

[Event "*** Titled Tuesday Blitz"]
[Site "Chess.com"]
[Date "2019.12.03"]
[Round "10"]
[White "HrvojeZagreb"]
[Black "HanSchut"]
[Result "1-0"]
[WhiteElo "2228"]
[BlackElo "2294"]
[TimeControl "180+2"]
[EndTime "15:13:19 PST"]
[Termination "HrvojeZagreb won by resignation"]

1. d4 Nf6 2. Bf4 d5 3. e3 e6 4. Nf3 Bd6 5. Bg3 b6 6. Nbd2 Bb7 7. Bd3 Ne4 8. a4 O-O 9. a5 Nxd2 10. Qxd2 c5 11.
c3 c4 12. Bc2 Nd7 13. Bxd6 Re8 14. Bg3 Nf6 15. O-O b5 16. a6 Bc8 17. Ra3 Qb6 18.
Rfa1 Rb8 19. Bxb8 1-0

[Event "*** Titled Tuesday Blitz"]
[Site "Chess.com"]
[Date "2019.12.03"]
[Round "10"]
[White "sergeikim"]
[Black "Marcin"]
[Result "1-0"]
[WhiteElo "2489"]
[BlackElo "2358"]
[TimeControl "180+2"]
[EndTime "15:13:27 PST"]
[Termination "sergeikim won by resignation"]

1. d4 Nf6 2. c4 g6 3. Nc3 d5 4. cxd5 Nxd5 5. e4 Nxc3 6. bxc3 Bg7 7. Bc4 c5 8. Ne2 Nc6 9. Be3 O-O 10. O-O b6 11.
Qd2 Bb7 12. Rad1 Rc8 13. Bd5 cxd4 14. cxd4 e6 15. Bxc6 Bxc6 16. Ng3 h5 17. Bg5 Qd7 18. Bh6 Ba4 19. Bxg7 Kxg7 20. Nxh5+ gxh5 21. Qg5+ Kh7 22. Qxh5+ Kg7 23. Qg5+ Kh7 24. Rd3 1-0

[Event "*** Titled Tuesday Blitz"]
[Site "Chess.com"]
[Date "2019.12.03"]
[Round "10"]
[White "1977Ivan"]
[Black "IgorBjelobrk"]
[Result "1-0"]
[WhiteElo "2798"]
[BlackElo "2677"]
[TimeControl "180+2"]
[EndTime "15:14:14 PST"]
[Termination "1977Ivan won by resignation"]

1. d4 Nf6 2. c4 e6 3. Nc3 Bb4 4. Qc2 d5 5. Bg5 h6 6. Bh4 dxc4 7. e3 b5 8. a4 c6 9. Bxf6 gxf6 10. Be2 Bb7 11.
Bf3 Qb6 12. Ne2 Nd7 13. O-O Be7 14. Rfc1 a6 15. Nf4 Rc8 16. Bh5 Kf8 17. Bxf7 e5 18. Be6 exf4 19. Qg6 1-0

[Event "*** Titled Tuesday Blitz"]
[Site "Chess.com"]
[Date "2019.12.03"]
[Round "10"]
[White "Kawhi_Leonard2"]
[Black "ChessBitl"]
[Result "0-1"]
[WhiteElo "2273"]
[BlackElo "2374"]
[TimeControl "180+2"]
[EndTime "15:14:37 PST"]
[Termination "ChessBitl won by resignation"]

1. e4 c5 2. Nf3 Nc6 3. d4 cxd4 4. Nxd4 g6 5. Nc3 Bg7 6. Be3 Nf6 7. Bc4 O-O 8. Bb3 a5 9. O-O a4 10. Nxa4 Nxe4 11.
Nb5 d6 12. Bb6 Qd7 13. Re1 Nf6 14. h3 Ne5 15. c4 Qc6 16. Rc1 Rxa4 17. Bxa4 Qxb6 18.
Bb3 Be6 19. Nd4 Bd7 20. Kh1 Re8 21. f4 Nc6 22. Nf3 Na5 23. g4 Bc6 24. Kh2 Nxb3 25. axb3 Qf2+ 0-1

[Event "*** Titled Tuesday Blitz"]
[Site "Chess.com"]
[Date "2019.12.03"]
[Round "10"]
[White "boasovietica"]
[Black "Gennady_Kozlov"]
[Result "1-0"]
[WhiteElo "2425"]
[BlackElo "2548"]
[TimeControl "180+2"]
[EndTime "15:14:50 PST"]
[Termination "boasovietica won by resignation"]

1. Nf3 d5 2. e3 Nf6 3. c4 c6 4.
Nc3 Bg4 5. cxd5 Nxd5 6. Qb3 Nxc3 7. bxc3 Bxf3 8. gxf3 Qc7 9. Rb1 b6 10. a4 e6 11. a5 Nd7 12. d4 Bd6 13. Bc4 O-O 14. Rg1 Bxh2 15. Rg2 b5 16. Bd3 Bd6 17. Ke2 a6 18. Bb2 c5 19. Qc2 f5 20. Rbg1 Rf7 21. d5 c4 22. dxe6 cxd3+ 23. Qxd3 Re7 24. exd7 Qxd7 25.
Qd5+ 1-0

[Event "*** Titled Tuesday Blitz"]
[Site "Chess.com"]
[Date "2019.12.03"]
[Round "10"]
[White "Winehouse83"]
[Black "vugarrasulov"]
[Result "1/2-1/2"]
[WhiteElo "2535"]
[BlackElo "2764"]
[TimeControl "180+2"]
[EndTime "15:14:51 PST"]
[Termination "Game drawn by repetition"]

1. d4 d5 2. c4 Nf6 3. cxd5 Nxd5 4. e4 Nb6 5. Nc3 g6 6. Nf3 Bg7 7. h3 O-O 8. Be2 Nc6 9. Be3 a5 10. d5 Ne5 11. Nxe5 Bxe5 12. O-O a4 13. Qc2 a3 14. b3 f5 15. f4 Bxc3 16. Qxc3 fxe4 17. Bxb6 cxb6 18. Qe5 Qd6 19. Qxd6 exd6 20. Rac1 Ra5 21. Rc7 Rc5 22. Re7 Rc2 23. Bb5 Rxa2 24. Rc1 Rb2 25. Rcc7 Rd8 26. Rg7+ Kh8 27. Rxh7+ Kg8 28. Rcg7+ Kf8 29. Rf7+ Kg8 30. Rfg7+ Kf8 31. Rf7+ Kg8 32. Rfg7+ 1/2-1/2

[Event "*** Titled Tuesday Blitz"]
[Site "Chess.com"]
[Date "2019.12.03"]
[Round "10"]
[White "Micki-taryan"]
[Black "joshdaruca"]
[Result "0-1"]
[WhiteElo "2956"]
[BlackElo "2733"]
[TimeControl "180+2"]
[EndTime "15:15:29 PST"]
[Termination "joshdaruca won by resignation"]

1. e4 c5 2. Nc3 e6 3. g3 Nc6 4.
Bg2 a6 5. d3 b5 6. Be3 Bb7 7. f4 Nf6 8. e5 Ng8 9. Nf3 d5 10. exd6 Bxd6 11. O-O Nge7 12. Ne4 Nf5 13. Bf2 Nfd4 14. Nxd4 cxd4 15. a3 O-O 16. Qh5 Be7 17. Nc5 Bxc5 18. Qxc5 Rc8 19. Rac1 Qd7 20. Rfe1 Rfd8 21.
Qh5 Ne7 22. Be4 Bxe4 23. dxe4 d3 24. cxd3 Qxd3 25. Rxc8 Rxc8 26. Qg5 Nc6 27. Qc5 h6 28. f5 Qd7 29. Qc3 Ne7 30. Qe5 exf5 31. exf5 Nxf5 32. b4 Rc4 33. Bc5 Nd4 34. Rf1 Ne6 35.
Bf2 Qc6 36. h4 Rc1 37. Bc5 Rxf1+ 38. Kxf1 Qf3+ 39. Kg1 Qxa3 40. h5 Qf3 41. Kh2 Ng5 42. Bd4 Qxh5+ 43. Kg1 Nf3+ 0-1

[Event "*** Titled Tuesday Blitz"]
[Site "Chess.com"]
[Date "2019.12.03"]
[Round "10"]
[White "vovachesss"]
[Black "goldenspine"]
[Result "0-1"]
[WhiteElo "2523"]
[BlackElo "2339"]
[TimeControl "180+2"]
[EndTime "15:15:44 PST"]
[Termination "goldenspine won by resignation"]

1. e4 c6 2. d4 d5 3. Nc3 dxe4 4. Nxe4 Nd7 5. c3 Ngf6 6. Bd3 e6 7. Nf3 Be7 8. Qe2 Nxe4 9. Qxe4 Nf6 10. Qe2 Qb6 11.
O-O O-O 12. Bf4 c5 13. dxc5 Bxc5 14. Ne5 Be7 15. Rad1 Qa5 16. Nc4 Qh5 17. Qe3 Nd5 18. Qg3 Bh4 0-1

[Event "*** Titled Tuesday Blitz"]
[Site "Chess.com"]
[Date "2019.12.03"]
[Round "10"]
[White "vladimirdamjanovic"]
[Black "Squirlolz"]
[Result "1-0"]
[WhiteElo "2597"]
[BlackElo "2637"]
[TimeControl "180+2"]
[EndTime "15:15:53 PST"]
[Termination "vladimirdamjanovic won by resignation"]

1. Nf3 c5 2. c3 Nf6 3. d4 e6 4. g3 d5 5. Bg2 Nc6 6. O-O Bd6 7. a3 O-O 8. Bg5 h6 9. Bxf6 Qxf6 10. b4 cxd4 11.
cxd4 Bd7 12. Nc3 Rfc8 13. Rc1 a5 14. b5 Ne7 15. a4 Rc4 16. Nd2 Rxd4 17. e3 Rb4 18.
Nde4 dxe4 19. Qxd6 Be8 20. Nxe4 Qb2 21. Qxe7 Rxa4 22.
Qxb7 Rd8 23. Qc7 Rd3 24. Nd6 Bxb5 25. Qb8+ Kh7 26. Qxb5 Qxb5 27. Nxb5 g6 28. Rfd1 Rb3 29. Nd4 Rb2 30. Rc2 Rab4 31. Rxb2 Rxb2 32. Ra1 e5 33.
Nc6 1-0

[Event "*** Titled Tuesday Blitz"]
[Site "Chess.com"]
[Date "2019.12.03"]
[Round "10"]
[White "WeAintSurePal"]
[Black "iLuusions"]
[Result "1-0"]
[WhiteElo "2399"]
[BlackElo "2633"]
[TimeControl "180+2"]
[EndTime "15:15:58 PST"]
[Termination "WeAintSurePal won by resignation"]

1. e4 c5 2. Nf3 e6 3. d4 cxd4 4. Nxd4 a6 5. c4 Nf6 6. Nc3 Bb4 7. Bd3 Nc6 8. Nc2 Bc5 9. O-O d6 10. a3 Qc7 11. b4 Ba7 12. Bb2 O-O 13. Ne2 Rd8 14.
Rc1 Ne5 15. Ng3 Nxc4 16. Bxf6 gxf6 17. Nh5 Ne5 18. Ne3 Qe7 19. Ng4 Nd7 20. Qf3 Kh8 21. Ngxf6 Nxf6 22. Nxf6 Bd4 23. e5 Bxe5 24. Qh5 1-0

[Event "*** Titled Tuesday Blitz"]
[Site "Chess.com"]
[Date "2019.12.03"]
[Round "10"]
[White "RiskyDecision"]
[Black "Lovkov_Roman"]
[Result "0-1"]
[WhiteElo "2524"]
[BlackElo "2746"]
[TimeControl "180+2"]
[EndTime "15:16:08 PST"]
[Termination "Lovkov_Roman won by resignation"]

1. d4 Nf6 2. c4 g6 3. g3 d5 4. cxd5 Nxd5 5. Bg2 Nb6 6. e4 Bg7 7. Ne2 Nc6 8. d5 Na5 9. Nbc3 O-O 10. O-O c6 11. b3 cxd5 12. exd5 Bg4 13. f3 Bf5 14. Be3 Rc8 15. Bd4 e5 16. dxe6 Bxd4+ 17. Nxd4 Rxc3 18.
Nxf5 gxf5 19. exf7+ Kxf7 20. Qe2 Qd3 21. Qb2 Rc2 22. Qe5 Re8 23. Qxa5 Ree2 0-1

[Event "*** Titled Tuesday Blitz"]
[Site "Chess.com"]
[Date "2019.12.03"]
[Round "10"]
[White "ruvat"]
[Black "Kumi29"]
[Result "0-1"]
[WhiteElo "2384"]
[BlackElo "2510"]
[TimeControl "180+2"]
[EndTime "15:16:08 PST"]
[Termination "Kumi29 won by resignation"]

1. d4 e6 2. c4 b6 3. a3 Bb7 4.
Nc3 f5 5. d5 Nf6 6. g3 b5 7. b3 bxc4 8. bxc4 Bc5 9. Bg2 O-O 10. Nf3 Ne4 11. Nxe4 fxe4 12. Nd4 e5 13.
Nb3 Bxf2+ 14. Kd2 c6 15. Bxe4 cxd5 16. cxd5 Qb6 17. Kc2 Na6 18. Kb1 Rab8 19. Ka2 Nc5 20. Nxc5 Qxc5 21. Qd3 Bd4 22. Bd2 Bxd5+ 0-1

[Event "*** Titled Tuesday Blitz"]
[Site "Chess.com"]
[Date "2019.12.03"]
[Round "10"]
[White "albi1999"]
[Black "resha1988"]
[Result "0-1"]
[WhiteElo "2605"]
[BlackElo "2747"]
[TimeControl "180+2"]
[EndTime "15:16:18 PST"]
[Termination "resha1988 won by resignation"]

1. d4 Nf6 2. c4 d6 3. Nf3 Nbd7 4. g3 e5 5. Nc3 Be7 6. Bg2 c6 7. e4 O-O 8. O-O Re8 9. h3 Bf8 10. Be3 a5 11. a4 Qc7 12. Qc2 Nb8 13. c5 exd4 14.
cxd6 Bxd6 15. Bxd4 Nfd7 16. Rfe1 Ne5 17. Nxe5 Bxe5 18.
Bxe5 Qxe5 19. f4 Qc5+ 20. Kh2 Na6 21. Rad1 Nb4 22. Qd2 Be6 23. Qd6 Qxd6 24. Rxd6 f6 25. e5 Bb3 26. e6 f5 27. g4 g6 28. gxf5 gxf5 29. Bf3 Re7 30. Bh5 Kg7 31. Bf7 Kf6 32.
Rd2 Bxe6 33. Rde2 Kxf7 0-1

[Event "*** Titled Tuesday Blitz"]
[Site "Chess.com"]
[Date "2019.12.03"]
[Round "10"]
[White "Everyfishknows"]
[Black "misha_melnichuk"]
[Result "0-1"]
[WhiteElo "2315"]
[BlackElo "2487"]
[TimeControl "180+2"]
[EndTime "15:16:23 PST"]
[Termination "misha_melnichuk won by resignation"]

1. Nf3 g6 2. e4 Bg7 3. d4 c5 4. c4 cxd4 5. Nxd4 Nc6 6. Be3 Nf6 7.
Nc3 O-O 8. Be2 d6 9. O-O Nxd4 10.
Bxd4 Bd7 11. Qd2 Bc6 12. f3 a5 13. b3 Nd7 14. Be3 Nc5 15. Rab1 Be5 16. Rfd1 e6 17. Bd4 Qf6 18. Bxe5 dxe5 19. Qd6 Na6 20. Nd5 Qg5 21. Ne7+ Kg7 22. Nxc6 bxc6 23. Qxc6 Nb4 24.
Qc5 Nxa2 25. Rd7 Nc3 26. Re1 Rfc8 27. Qd6 Qe3+ 28. Kf1 Qf4 29. g3 Qg5 30. Kg2 Rab8 31. h4 Qf6 32. Qa6 Rd8 33. Rxd8 Qxd8 34. Qa7 Qd2 35.
Kf2 Rxb3 36. Qxa5 Nd1+ 37. Rxd1 Qxa5 0-1

[Event "*** Titled Tuesday Blitz"]
[Site "Chess.com"]
[Date "2019.12.03"]
[Round "10"]
[White "ferdipy"]
[Black "Sneakiest_Of_Snakes"]
[Result "1-0"]
[WhiteElo "2193"]
[BlackElo "1824"]
[TimeControl "180+2"]
[EndTime "15:16:26 PST"]
[Termination "ferdipy won by resignation"]

1. e4 d5 2. exd5 Nf6 3. d4 Nxd5 4. c4 Nb4 5. Nc3 c6 6. Nf3 e6 7. b3 Be7 8. Bb2 Bf6 9. a3 N4a6 10. Ne4 Nd7 11. Nd6+ Kf8 12. Bd3 Nc7 13. O-O Ne8 14. Ne4 Be7 15. Qe2 Nef6 16. Ne5 Nxe4 17. Qxe4 Nxe5 18.
dxe5 Qc7 19. Rad1 g6 20. f4 Kg7 21. g4 Re8 22. f5 Kg8 23. fxg6 fxg6 24. Bc1 Bf8 25.
h4 Bg7 26. h5 Qxe5 27. hxg6 Qg3+ 28. Qg2 Bd4+ 29. Kh1 Qh4+ 30. Qh2 Qxh2+ 31. Kxh2 hxg6 32. Bxg6 Rf8 33. Rxf8+ Kxf8 34. Rxd4 Kg7 35. Bb1 e5 36. Rd8 Kf6 37. Bf5 1-0

[Event "*** Titled Tuesday Blitz"]
[Site "Chess.com"]
[Date "2019.12.03"]
[Round "10"]
[White "Filip_Covic"]
[Black "Ambitiousresolutions"]
[Result "1-0"]
[WhiteElo "2473"]
[BlackElo "2607"]
[TimeControl "180+2"]
[EndTime "15:16:27 PST"]
[Termination "Filip_Covic won by checkmate"]

1. e4 c5 2. Nf3 d6 3. d4 cxd4 4.
Nxd4 Nf6 5. Nc3 a6 6. Bg5 e6 7.
Qe2 Nbd7 8. O-O-O Qc7 9. f4 b5 10. Nd5 Qb8 11. Nc6 Qb7 12. Na5 Qa7 13. Nc6 Qb7 14. Na5 Qb8 15. Bxf6 Nxf6 16. Nxf6+ gxf6 17. e5 Qc7 18. Qd2 dxe5 19. fxe5 h5 20. Kb1 Bh6 21.
Qb4 fxe5 22. Be2 Be3 23. Bf3 Bc5 24. Bc6+ Qxc6 25. Nxc6 Bxb4 26. Rd8# 1-0

[Event "*** Titled Tuesday Blitz"]
[Site "Chess.com"]
[Date "2019.12.03"]
[Round "10"]
[White "WPWPWP-2015"]
[Black "albano87"]
[Result "1-0"]
[WhiteElo "2546"]
[BlackElo "2145"]
[TimeControl "180+2"]
[EndTime "15:17:04 PST"]
[Termination "WPWPWP-2015 won on time"]

1. d4 d5 2. c4 e6 3. Nf3 Nf6 4. Nc3 Be7 5. Bf4 O-O 6. e3 b6 7.
Qc2 c5 8. Rd1 cxd4 9. Nxd4 Bb7 10. cxd5 Nxd5 11. Nxd5 Qxd5 12. a3 Rc8 13. Qd2 Bf6 14.
Nb5 Nc6 15. Qxd5 exd5 16. Nd6 Rc7 17. Nxb7 Rxb7 18. Ba6 Re7 19. Rxd5 Bxb2 20. Bd6 Rd7 21. Ke2 Rc8 22. Rhd1 Rcd8 23. Bb5 1-0

[Event "*** Titled Tuesday Blitz"]
[Site "Chess.com"]
[Date "2019.12.03"]
[Round "10"]
[White "ChainsOfFantasia"]
[Black "Darhild"]
[Result "0-1"]
[WhiteElo "2512"]
[BlackElo "2660"]
[TimeControl "180+2"]
[EndTime "15:17:12 PST"]
[Termination "Darhild won by checkmate"]

1. d4 Nf6 2. Nf3 g6 3. c4 Bg7 4. g3 O-O 5. Bg2 d5 6. b3 dxc4 7. bxc4 c5 8. O-O cxd4 9. Nxd4 Qb6 10. Nc3 Rd8 11. c5 Qxc5 12. Ne6 Rxd1 13. Nxc5 Rxf1+ 14. Kxf1 Nfd7 15. Ba3 Nxc5 16. Bxc5 Bxc3 17. Rc1 Bf6 18.
Bxe7 Nd7 19. Bd6 Be5 20. Be7 Bf6 21. Bd6 Nb6 22. Rc7 Be6 23. Bxb7 Rd8 24. Bc5 Bh3+ 25. Ke1 Bc3# 0-1

[Event "*** Titled Tuesday Blitz"]
[Site "Chess.com"]
[Date "2019.12.03"]
[Round "10"]
[White "coalescenet"]
[Black "chesstatour"]
[Result "0-1"]
[WhiteElo "2285"]
[BlackElo "1975"]
[TimeControl "180+2"]
[EndTime "15:17:13 PST"]
[Termination "chesstatour won by resignation"]

1. d4 f5 2. Nc3 Nf6 3. Bg5 g6 4. h4 h6 5. Bxf6 exf6 6. e4 fxe4 7. Nxe4 d5 8. Ng3 Qe7+ 9. Be2 Qb4+ 10. Kf1 Qxb2 11. Rb1 Qxa2 12. h5 g5 13. Bd3 Bd6 14. Bg6+ Kf8 15. Nf5 Bxf5 16. Bxf5 Nc6 17. Nf3 Re8 18.
Rxb7 Qa6+ 19. Kg1 Qxb7 20. Bg6 Re7 21. Ne1 Qb4 22. Nd3 Qxd4 23. Rh3 Ne5 24. Qb1 Kg7 25. Nxe5 Qxe5 26. Re3 Qh2+ 27. Kf1 0-1

[Event "*** Titled Tuesday Blitz"]
[Site "Chess.com"]
[Date "2019.12.03"]
[Round "10"]
[White "ural58"]
[Black "Sjakkerntobi"]
[Result "0-1"]
[WhiteElo "2321"]
[BlackElo "2152"]
[TimeControl "180+2"]
[EndTime "15:17:21 PST"]
[Termination "Sjakkerntobi won by resignation"]

1. e4 c5 2. b3 e6 3. Qe2 Nc6 4. Bb2 Nf6 5. e5 Nd5 6. Nf3 Be7 7. g3 f6 8. Bg2 O-O 9. O-O fxe5 10. Nxe5 Nxe5 11.
Bxe5 Bf6 12. Bxd5 exd5 13. Nc3 d4 14. Nd5 Bxe5 15. Qxe5 d6 16. Qe7 Qxe7 17. Nxe7+ Kf7 18. Nxc8 Raxc8 19. Rae1 Rfe8 20. f4 b5 21. Kf2 Rxe1 22.
Rxe1 c4 23. b4 d3 24. c3 Ra8 25. f5 a5 26. a3 axb4 27. axb4 Ra2 28. Ke3 Kf6 29. g4 h5 30. h3 hxg4 31. hxg4 Kg5 32. Rf1 Rb2 33. Rf4 Rxd2 34. Rd4 Re2+ 35. Kf3 Rc2 36.
Rxd6 Rxc3 37. Rg6+ Kh4 38. Rxg7 d2+ 39. Kf4 Rf3+ 40. Kxf3 d1=Q+ 41. Kf4 Qd4+ 0-1

[Event "*** Titled Tuesday Blitz"]
[Site "Chess.com"]
[Date "2019.12.03"]
[Round "10"]
[White "Noam_Vitenberg"]
[Black "masrahi"]
[Result "1-0"]
[WhiteElo "2311"]
[BlackElo "1969"]
[TimeControl "180+2"]
[EndTime "15:17:22 PST"]
[Termination "Noam_Vitenberg won by resignation"]

1. d4 Nf6 2. c4 g6 3. Nc3 Bg7 4.
e4 d6 5. Nf3 O-O 6. Be2 Na6 7.
Be3 Ng4 8. Bg5 Qe8 9. h3 h6 10.
hxg4 hxg5 11. Nxg5 e5 12. Nh7 exd4 13. Nd5 Qxe4 14.
Nhf6+ Bxf6 15. Nxf6+ Kg7 16. Nxe4 Re8 17. Qxd4+ Re5 18.
f4 c5 19. Qc3 f6 20. fxe5 fxe5 21. Nxd6 1-0

[Event "*** Titled Tuesday Blitz"]
[Site "Chess.com"]
[Date "2019.12.03"]
[Round "10"]
[White "Triumphmate"]
[Black "JonahWillow"]
[Result "1-0"]
[WhiteElo "2541"]
[BlackElo "2768"]
[TimeControl "180+2"]
[EndTime "15:17:30 PST"]
[Termination "Triumphmate won by resignation"]

1. e4 c5 2. Nf3 Nc6 3. d4 cxd4 4. Nxd4 g6 5. f4 Bg7 6. Nf3 d6 7. Nc3 Nf6 8. Bd3 O-O 9. O-O Bg4 10. Qe1 Rc8 11.
a3 a6 12. Bd2 b5 13. Kh1 Qc7 14. Qh4 Qb7 15. Rae1 b4 16. Nd5 Bxf3 17. Rxf3 Nd4 18.
Rh3 h5 19. Nxb4 a5 20. Nd5 Nxd5 21. exd5 Qxd5 22. c4 Qc6 23. Bc3 Bf6 24. Qg3 Qc5 25.
b4 axb4 26. axb4 h4 27. Rxh4 Bxh4 28. Qxh4 Qb6 29. f5 e5 30. fxe6 fxe6 31. Bxd4 1-0

[Event "*** Titled Tuesday Blitz"]
[Site "Chess.com"]
[Date "2019.12.03"]
[Round "10"]
[White "DeviatkinAndrey"]
[Black "Indianlad"]
[Result "0-1"]
[WhiteElo "2700"]
[BlackElo "2883"]
[TimeControl "180+2"]
[EndTime "15:17:30 PST"]
[Termination "Indianlad won by resignation"]

1. d4 Nf6 2. Nf3 d5 3. Bg5 Ne4 4. Bf4 c5 5. c3 Nc6 6. e3 Qb6 7. Qb3 c4 8. Qc2 Bf5 9. Qc1 e6 10. Nbd2 Rc8 11. Nxe4 Bxe4 12. Nd2 Bg6 13. Be2 Qd8 14.
O-O Bd6 15. Bxd6 Qxd6 16. e4 O-O 17. Bf3 b5 18. a3 a5 19. Re1 h6 20. g3 Rfd8 21.
exd5 exd5 22. Nf1 Re8 23. Qd2 Be4 24. Bxe4 dxe4 25. Rad1 Rcd8 26. Qc2 f5 27. a4 b4 28. Ne3 f4 29. Nxc4 Qe6 30. Qb3 bxc3 31. bxc3 Rb8 32. d5 Qh3 33. Qa2 Ne5 34. Nxe5 f3 35. d6+ Kh7 36. Nxf3 exf3 37. Qc2+ Kh8 38. Rxe8+ Rxe8 0-1

[Event "*** Titled Tuesday Blitz"]
[Site "Chess.com"]
[Date "2019.12.03"]
[Round "10"]
[White "ChessWarrior7197"]
[Black "marianokar"]
[Result "0-1"]
[WhiteElo "2877"]
[BlackElo "2448"]
[TimeControl "180+2"]
[EndTime "15:17:30 PST"]
[Termination "marianokar won by resignation"]

1. e4 e5 2. Nf3 Nc6 3. Bc4 Nf6 4.
d3 h6 5. O-O d6 6. Nc3 g6 7. d4 exd4 8. Nxd4 Bg7 9. f3 O-O 10.
Be3 Ne5 11. Bb3 a6 12. a4 Re8 13.
Qd2 Rb8 14. Bxh6 c5 15. Bxg7 Kxg7 16. Nde2 c4 17. Ba2 b5 18. axb5 axb5 19. Kh1 Rh8 20. Rad1 Rb6 21. Qe1 b4 22. Nd5 Nxd5 23. Rxd5 Be6 24.
Rd1 Ra6 25. Bb1 Qa5 26. Nd4 Bd7 27. Qg3 Qc5 28. f4 Ng4 29. h3 c3 30. f5 Nf6 31.
fxg6 fxg6 32. Nf5+ Bxf5 33. Rxf5 Nxe4 34. Rf7+ Kxf7 35.
Rf1+ Kg7 36. Qf4 Qf5 37. bxc3 Ng3+ 38. Qxg3 Qxf1+ 39. Kh2 Qf6 40. Qd3 Qe5+ 41. Kg1 Ra1 42. Qd1 bxc3 0-1

[Event "*** Titled Tuesday Blitz"]
[Site "Chess.com"]
[Date "2019.12.03"]
[Round "10"]
[White "Konavets"]
[Black "cool4chess"]
[Result "0-1"]
[WhiteElo "2894"]
[BlackElo "2659"]
[TimeControl "180+2"]
[EndTime "15:17:36 PST"]
[Termination "cool4chess won by resignation"]

1. e4 e5 2. Nf3 Nc6 3. Bc4 Nf6 4. d3 Bc5 5. O-O d6 6. c3 a6 7. a4 h6 8. h3 O-O 9. Nbd2 d5 10. exd5 Nxd5 11.
Re1 Re8 12. Ne4 Ba7 13. Bxh6 Be6 14. Bg5 f6 15. Bd2 Qd7 16. b4 Rad8 17. Nh4 Qf7 18. Qf3 Nce7 19. b5 axb5 20. axb5 Bb6 21. Qg3 Kh8 22.
Nf3 Nf5 23. Qh2 Kg8 24. h4 Qh5 25. Ng3 Nxg3 26. Qxg3 Bf7 27. Re4 Ne7 28. Bxf7+ Qxf7 29. d4 Nf5 30. Qg4 Nxd4 31. Nxd4 Bxd4 32. Qg3 Bb6 33. Be3 Rd3 34. c4 Bd4 35. Rf1 f5 36. Qf3 fxe4 37.
Qxe4 Qxc4 38. h5 Qxb5 39. h6 Bxe3 40. Qxe3 Rxe3 0-1